1864 views
Uploaded 2023-05-28 23:39:57
Game version 1.36 (6115)
13:25 long 1on1 ladder game on (2)AutumnLeaves_S2_v2.0
Saved by DKnight
1864 views
Uploaded 2023-05-28 23:39:57
Game version 1.36 (6115)
13:25 long 1on1 ladder game on (2)AutumnLeaves_S2_v2.0

38 units @ 4.5k
/ 1k
14 buildings @ 2.5k
/ 1k

x1)
| Orb of Venom | 1 | 325 |
| Scroll of Town Portal | 1 | 350 |
| Boots of Speed | 1 | 250 |
| Potion of Lesser Invulnerability | 1 | 150 |
| Tome of Retraining | 1 | 300 |
| total: | 5 | 1375g |
| Wisp | 20 | 1200 | / | 0 |
| Archer | 5 | 650 | / | 50 |
| Dryad | 7 | 1015 | / | 420 |
| Druid of the Claw | 5 | 1275 | / | 400 |
| Goblin Shredder | 1 | 375 | / | 100 |
| total: | 38 | 4515g | / | 970w |
| Ancient of War | 1 | 150 | / | 60 |
| Moon Well | 7 | 1260 | / | 280 |
| Altar of Elders | 1 | 180 | / | 50 |
| Hunter's Hall | 1 | 210 | / | 100 |
| Ancient of Wonders | 1 | 90 | / | 30 |
| Tree of Life | 1 | 340 | / | 185 |
| Ancient of Lore | 2 | 310 | / | 290 |
| Tree of Ages | 1 | 320 | / | 180 |
| Tree of Eternity | 1 | 330 | / | 200 |
| total: | 14 | 2540g | / | 995w |
| 0:01 | Wisp |
| 0:07 | Wisp |
| 0:12 | Wisp |
| 0:20 | Ancient of War |
| 0:23 | Wisp |
| 0:30 | Moon Well |
| 0:35 | Wisp |
| 0:40 | Wisp |
| 0:53 | Wisp |
| 1:11 | Altar of Elders |
| 1:16 | Moon Well |
| 1:21 | Archer |
| 1:24 | Wisp |
| 1:37 | Wisp |
| 1:43 | Archer |
| 1:54 | Wisp |
| 2:03 | Archer |
| 2:19 | Pocket Factory |
| 2:33 | Wisp |
| 2:44 | Moon Well |
| 2:54 | Wisp |
| 3:12 | Archer |
| 3:17 | Tree of Ages |
| 3:30 | Engineering Upgrade |
| 3:45 | Archer |
| 3:59 | Boots of Speed |
| 4:33 | Hunter's Hall |
| 4:52 | Ancient of Wonders |
| 5:02 | Pocket Factory |
| 5:40 | Tree of Eternity |
| 5:48 | Ultravision |
| 5:56 | Ancient of Lore |
| 5:57 | Ancient of Lore |
| 6:18 | Moon Well |
| 6:38 | Tree of Life |
| 7:09 | Dryad |
| 7:20 | Dryad |
| 7:29 | Engineering Upgrade |
| 8:00 | Dryad |
| 8:02 | Wisp |
| 8:02 | Wisp |
| 8:02 | Wisp |
| 8:23 | Goblin Shredder |
| 8:47 | Abolish Magic |
| 9:06 | Druid of the Claw Adept Training |
| 9:16 | Wisp |
| 9:16 | Wisp |
| 9:16 | Wisp |
| 9:17 | Wisp |
| 9:17 | Wisp |
| 9:27 | Orb of Venom |
| 9:34 | Druid of the Claw Master Training |
| 9:35 | Druid of the Claw |
| 9:45 | Potion of Lesser Invulnerability |
| 9:57 | Nature's Blessing |
| 10:09 | Druid of the Claw |
| 10:25 | Moon Well |
| 10:32 | Druid of the Claw |
| 10:34 | Mark of the Claw |
| 10:57 | Pocket Factory |
| 11:19 | Tome of Retraining |
| 11:19 | Retrain Hero |
| 11:25 | Cluster Rockets |
| 11:26 | Cluster Rockets |
| 11:26 | Cluster Rockets |
| 11:27 | Engineering Upgrade |
| 11:27 | Engineering Upgrade |
| 11:28 | Reinforced Hides |
| 11:28 | Strength of the Wild |
| 11:29 | Dryad |
| 11:31 | Moon Well |
| 11:39 | Scroll of Town Portal |
| 11:46 | Moon Well |
| 12:18 | Druid of the Claw |
| 12:41 | Druid of the Claw |
| 12:43 | Robo-Goblin |
| 12:48 | Improved Reinforced Hides |
| 13:02 | Dryad |
| 13:10 | Dryad |
| 13:22 | Dryad |
| Right click | 1190 |
| Select group | 749 |
| Select | 164 |
| Build/train/purchase | 99 |
| Misc. action | 95 |
| Use ability | 43 |
| Assign group | 34 |
| Item give/drop | 5 |
| Esc | 4 |
25 units @ 3.6k
/ 0.3k
11 buildings @ 1.8k
/ 0.5k


| Rod of Necromancy | 2 | 300 |
| Orb of Corruption | 1 | 375 |
| Scroll of Healing | 1 | 250 |
| total: | 4 | 925g |
| Acolyte | 4 | 300 | / | 0 |
| Ghoul | 13 | 1560 | / | 0 |
| Obsidian Statue | 3 | 600 | / | 105 |
| Crypt Fiend | 4 | 860 | / | 160 |
| Abomination | 1 | 240 | / | 70 |
| total: | 25 | 3560g | / | 335w |
| Crypt | 1 | 200 | / | 50 |
| Altar of Darkness | 1 | 180 | / | 50 |
| Ziggurat | 5 | 750 | / | 250 |
| Tomb of Relics | 1 | 130 | / | 30 |
| Graveyard | 1 | 215 | / | 0 |
| Necropolis | 1 | 225 | / | 0 |
| Slaughterhouse | 1 | 140 | / | 135 |
| Halls of the Dead | 1 | 320 | / | 210 |
| Black Citadel | 1 | 325 | / | 230 |
| total: | 11 | 1840g | / | 515w |
| 0:04 | Acolyte |
| 0:04 | Acolyte |
| 0:06 | Crypt |
| 0:12 | Altar of Darkness |
| 0:24 | Ziggurat |
| 0:33 | Acolyte |
| 0:44 | Acolyte |
| 0:57 | Tomb of Relics |
| 1:10 | Ghoul |
| 1:22 | Ghoul |
| 1:33 | Ghoul |
| 1:50 | Ziggurat |
| 2:13 | Rod of Necromancy |
| 2:15 | Death Coil |
| 2:45 | Halls of the Dead |
| 3:01 | Ghoul |
| 3:21 | Graveyard |
| 3:22 | Rod of Necromancy |
| 3:38 | Ghoul |
| 3:45 | Unholy Aura |
| 4:21 | Ghoul |
| 4:41 | Ghoul |
| 4:43 | Ziggurat |
| 5:12 | Black Citadel |
| 5:14 | Slaughterhouse |
| 5:17 | Ghoul |
| 5:32 | Ghoul |
| 6:12 | Ghoul |
| 6:15 | Ziggurat |
| 6:46 | Frost Nova |
| 6:59 | Death Coil |
| 7:08 | Obsidian Statue |
| 7:09 | Crypt Fiend |
| 7:10 | Ghoul |
| 7:39 | Destroyer Form |
| 7:46 | Orb of Corruption |
| 7:56 | Ghoul Frenzy |
| 8:35 | Ghoul |
| 8:46 | Obsidian Statue |
| 8:52 | Abomination |
| 9:01 | Crypt Fiend |
| 9:24 | Crypt Fiend |
| 9:25 | Dark Ritual |
| 9:36 | Scroll of Healing |
| 9:46 | Ghoul |
| 10:37 | Disease Cloud |
| 11:23 | Ziggurat |
| 11:36 | Necropolis |
| 12:37 | Unholy Aura |
| 12:51 | Obsidian Statue |
| 12:52 | Crypt Fiend |
| Right click | 708 |
| Select group | 673 |
| Select | 281 |
| Misc. action | 91 |
| Build/train/purchase | 58 |
| Assign group | 45 |
| Use ability | 26 |
| Remove unit | 3 |
| Chat | 3 |
| Item give/drop | 2 |
โ